 Dungeon Crawl Stone Soup version 0.20.0-15-g7f486f2 (webtiles) character file.

399 greprep the Covered (level 6, -6/52 HPs)
             Began as a Minotaur Fighter on June 24, 2017.
             Killed by divine providence
             ... invoked by an orc priest
              (15 damage)
             ... on level 4 of the Dungeon.
             The game lasted 00:04:59 (3270 turns).

greprep the Covered (Minotaur Fighter)              Turns: 3270, Time: 00:05:00

Health: -6/52      AC:  8    Str: 27    XL:     6   Next: 54%
Magic:  5/5        EV:  9    Int:  5    God:
Gold:   167        SH: 13    Dex:  8    Spells: 5/5 levels left

rFire    . . .     SeeInvis .   a - +0 flail
rCold    . . .     Gourm    .   c - +0 shield
rNeg     . . .     Faith    .   b - +0 scale mail
rPois    .         Spirit   .   (helmet restricted)
rElec    .         Reflect  +   s - scarf {cloud immunity}
rCorr    .         Harm     .   (no gloves)
MR       .....     Rnd*Tele +   z - +0 pair of boots
Stlth    ..........             p - +3 amulet of reflection
Regen    0.2/turn               e - ring of teleportation (curse)
MPRegen  0.1/turn               C - -2 ring of dexterity (curse)

@: mighty
A: retaliatory headbutt, horns 2
a: no special abilities


You were on level 4 of the Dungeon.
You were not hungry.

You visited 1 branch of the dungeon, and saw 4 of its levels.
You also visited: Sewer.

You collected 167 gold pieces.

Inventory:

Hand Weapons
 a - a +0 flail (weapon)
Armour
 b - a +0 scale mail (worn)
 c - a +0 shield (worn)
 s - a scarf of cloud immunity (worn)
 z - a +0 pair of boots (worn)
Jewellery
 e - a cursed ring of teleportation (left hand)
 p - a +3 amulet of reflection (around neck)
 t - an uncursed amulet of regeneration {unknown}
 C - a cursed -2 ring of dexterity (right hand)
Scrolls
 l - 4 scrolls of magic mapping {unknown}
 m - 4 scrolls of remove curse {unknown}
 o - 2 scrolls of teleportation {unknown}
 q - 2 scrolls of fear {unknown}
 u - 2 scrolls of identify {unknown}
 x - a scroll of noise {unknown}
 y - a scroll of amnesia {unknown}
 B - a scroll of random uselessness {unknown}
Potions
 d - 3 potions of might
 h - 2 potions of lignification {unknown}
 i - 2 potions of ambrosia {unknown}
 k - a potion of berserk rage {unknown}
 n - 4 potions of flight {unknown}
 r - 6 potions of heal wounds {unknown}
 v - 2 potions of agility {unknown}
 w - a potion of curing {unknown}
 A - a potion of haste {unknown}
Comestibles
 f - 5 bread rations
 g - 2 meat rations
 j - 2 royal jellies


   Skills:
 + Level 4.2 Fighting
 + Level 4.7 Maces & Flails
 + Level 5.1 Armour
 * Level 3.5 Dodging
 + Level 5.1 Shields


You had 5 spell levels left.
You didn't know any spells.

Dungeon Overview and Level Annotations

Branches:
Dungeon (4/15)
 Temple: D:4-7

Altars:
Dithmenos
Hepliaklqana
Sif Muna
Vehumet


Innate Abilities, Weirdness & Mutations

You reflexively headbutt those who attack you in melee.
You have a pair of horns on your head.


Message History

Unknown command.
Your scale mail prevents you from hitting the orc wizard.
The orc wizard hits you with a dagger.
* * * LOW HITPOINT WARNING * * *
The orc barely misses you. You block the orc priest's attack.
You block the orc wizard's attack. x2; The orc hits you.
* * * LOW HITPOINT WARNING * * *
The orc priest looks satisfied for a moment.
You sock the orc wizard! You headbutt the orc wizard.
You kill the orc wizard!
The orc wizard hits you but does no damage.
You block the orc's attack. You block the orc priest's attack.
Unknown command.
You closely miss the orc wizard. You headbutt the orc wizard!
The orc wizard is heavily wounded.
You block the orc wizard's attack. The orc hits you.
* * * LOW HITPOINT WARNING * * *
The orc priest mumbles some strange prayers to Beogh against you.
Beogh smites you!
You die...

...[...##....##[..# .#
.......#.....##...#
...
.......#.....##...##..
. .......#....^.......
.. ########.##+###...#
..# #.....##...##...#
#...............#
#........[.......
#.......)@.......
##....##ooo######
#######)O.# ..$...
#....... #.....(..
#........ ##.####+##


You could see an ogre, an orc priest, an orc wizard and an orc.

Vanquished Creatures
  2 big kobolds (Sewer)
  An orc wizard (D:4)
  5 adders
  5 river rats (Sewer)
  An ooze (D:1)
  An adder skeleton (D:4)
  A worm (D:2)
  5 dart slugs
  6 leopard geckos
  2 orcs
  3 giant cockroaches
  10 goblins
  6 hobgoblins
  4 jackals (D:2)
  2 quokkas
  10 ball pythons
  12 bats
  A frilled lizard (D:1)
  22 kobolds
  28 rats
127 creatures vanquished.

Notes
Turn   | Place    | Note
-------+----------+-------------------------------------------
     0 | D:1      | greprep the Minotaur Fighter began the quest for the Orb.
     0 | D:1      | Reached XP level 1. HP: 19/19 MP: 0/0
     0 | D:1      | Noticed a minotaur skeleton
     2 | D:1      | Noticed a minotaur skeleton
     7 | D:1      | Noticed a minotaur skeleton
   281 | D:1      | Reached XP level 2. HP: 24/27 MP: 1/1
   359 | D:1      | Reached skill level 1 in Dodging
   809 | D:2      | Found a shadowy altar of Dithmenos.
   813 | D:2      | Reached XP level 3. HP: 33/33 MP: 2/2
   849 | D:2      | Found a radiant altar of Vehumet.
   849 | D:2      | Found a deep blue altar of Sif Muna.
   849 | D:2      | Found a hazy altar of Hepliaklqana.
  1394 | D:2      | Reached XP level 4. HP: 38/40 MP: 3/3
  2089 | D:3      | Found a glowing drain.
  2093 | Sewer    | Entered a sewer
  2112 | Sewer    | Reached XP level 5. HP: 46/46 MP: 4/4
  2759 | Sewer    | Reached skill level 5 in Armour
  2759 | Sewer    | Reached XP level 6. HP: 31/52 MP: 5/5
  2762 | Sewer    | Reached skill level 5 in Shields
  3270 | D:4      | Killed from afar by an orc priest

Skill      XL: |  1  2  3  4  5  6 |
---------------+-------------------+-----
Dodging        | 1 2 3 |  3.5
Maces & Flails | 3 4 |  4.7
Armour         | 4 5 |  5.1
Shields        | 4 5 |  5.1
Fighting       | 4 |  4.2

Action                   |  1- 3 |  4- 6 || total
-------------------------+-------+-------++-------
Melee: Flail             |    97 |   188 ||   285
       Headbutt          |    14 |    23 ||    37
  Use: Potion            |       |     1 ||     1
  Eat: Chunk             |     2 |     6 ||     8
Armor: Scale mail        |    42 |    77 ||   119
Dodge: Dodged            |    29 |    90 ||   119
Block: Shield            |    66 |   182 ||   248
       Reflection        |     1 |     5 ||     6
